 Dungeon Crawl Stone Soup version 0.21.0-3-g78d12a8bdd (webtiles) character file.

613165 Tordini the Gargoyle Barricade (level 27, 0/164 HPs)
             Began as a Gargoyle Gladiator on Jan 16, 2018.
             Was the Champion of the Shining One.
             Killed from afar by a rakshasa (20 damage)
             ... with an orb of energy
             ... on level 5 of the Abyss.
             The game lasted 04:30:17 (61807 turns).

Tordini the Gargoyle Barricade (GrGl)              Turns: 61807, Time: 04:30:18

Health: 0/164      AC: 63    Str: 29    XL:     27
Magic:  21/27      EV: 18    Int: 15    God:    the Shining One [******]
Gold:   5143       SH: 33    Dex: 23    Spells: 26/26 levels left

rFire    + . .     SeeInvis .   d - +2 double sword (holy)
rCold    + . .     Gourm    .   Z - +2 large shield {rF+}
rNeg     + + +     Faith    .   s - +9 plate armour of Dishonour {Str+5 Int+4}
rPois    ∞         Spirit   .   h - +0 hat of the Saviour {rElec rC+}
rElec    +         Reflect  +   c - scarf {repulsion}
rCorr    .         Harm     .   H - +2 pair of gloves {archery}
MR       +++..     NoCast   +   U - +0 pair of boots of Infinity {-Cast rC+ rN+ Slay+6}
Stlth    ..........             L - amulet of the Lonely Gods {Reflect rPois rC- rN++ Str+4 SH+3}
HPRegen  0.37/turn              a - ring "Tushicenad" {MR+ Dex+3}
MPRegen  0.20/turn              x - +6 ring of protection

@: flying, very slightly contaminated, glowing, repel missiles
A: big wings, hooves 1, horns 1, icy blue scales 1, frail 1, low mp 1, negative
energy resistance 1, screaming 1, electricity resistance, unbreathing,
petrification resistance, rot immunity, AC +20
}: 3/15 runes: decaying, serpentine, silver
a: Stop Flying, Divine Shield, Cleansing Flame, Summon Divine Warrior, Brand
Weapon With Holy Wrath, Renounce Religion


You were on level 5 of the Abyss.
You worshipped the Shining One.
The Shining One was exalted by your worship.
You were hungry.

You visited 10 branches of the dungeon, and saw 46 of its levels.
You visited the Abyss 1 time.
You also visited: Labyrinth, Ice Cave and Volcano.

You collected 6640 gold pieces.
You spent 1497 gold pieces at shops.

Inventory:

Hand Weapons
 d - a +2 double sword of holy wrath (weapon)
 k - a +1 scimitar of flaming
 n - the +9 demon blade "Biceal" {elec, Str+3 Dex+5}
   (Okawaru gifted it to you on level 2 of the Depths)

   Occasionally, upon striking a foe, it will discharge some electrical energy
   and cause terrible harm.
   It affects your strength (+3).
   It affects your dexterity (+5).
   The Shining One disapproves of the use of such an item.
 P - the +4 scimitar "Kecasus" {antimagic, rElec rN+}
   (You found it on level 8 of the Dungeon)

   It reduces the magical energy of the wielder, and disrupts the spells and
   magical abilities of those hit.
   Natural abilities and divine invocations are not affected.
   It insulates you from electricity.
   It protects you from negative energy.
Missiles
 j - 10 silver javelins (quivered)
Armour
 c - a scarf of repulsion (worn)
 h - the +0 hat of the Saviour (worn) {rElec rC+}
   (Okawaru gifted it to you on level 1 of the Swamp)

   It protects you from cold.
   It insulates you from electricity.
 s - the +9 plate armour of Dishonour (worn) {Str+5 Int+4}
   (You found it on level 14 of the Dungeon)

   It affects your strength (+5).
   It affects your intelligence (+4).
 H - a +2 pair of gloves of archery (worn)
 T - a scarf of cloud immunity
 U - the +0 pair of boots of Infinity (worn) {-Cast rC+ rN+ Slay+6}
   (You found it in an ice cave)

   It affects your accuracy and damage with ranged weapons and melee attacks
   (+6).
   It protects you from cold.
   It protects you from negative energy.
   It prevents spellcasting.
 Z - a +2 large shield of fire resistance (worn)
Jewellery
 a - the ring "Tushicenad" (left hand) {MR+ Dex+3}
   (You acquired it on level 1 of the Lair of Beasts)

   [ring of protection from magic]

   It affects your dexterity (+3).
   It affects your resistance to hostile enchantments.
 i - an uncursed ring of protection from cold
 m - an uncursed ring of protection from fire
 q - an uncursed ring of protection from magic
 x - a +6 ring of protection (right hand)
 L - the amulet of the Lonely Gods (around neck) {Reflect rPois rC- rN++ Str+4 SH+3}
   (You found it on level 7 of the Dungeon)

   [amulet of reflection]

   It shields you and reflects attacks.
   It affects your strength (+4).
   It makes you vulnerable to cold.
   It protects you from poison.
   It greatly protects you from negative energy.
   It affects your SH (+3).
 X - an uncursed amulet of faith
Wands
 w - a wand of iceblast (23)
 G - a wand of disintegration (30)
 W - a wand of digging (35)
Scrolls
 b - a scroll of enchant armour
 e - 27 scrolls of identify
 g - 11 scrolls of teleportation
 o - a scroll of acquirement
 p - a scroll of silence
 r - 8 scrolls of blinking
 v - 10 scrolls of fear
 y - a scroll of summoning
 D - 21 scrolls of remove curse
 E - 2 scrolls of fog
 V - a scroll of magic mapping
Potions
 t - 10 potions of heal wounds
 u - 2 potions of berserk rage
 z - 19 potions of curing
 A - 4 potions of might
 C - 6 potions of mutation
 I - 4 potions of resistance
 M - 4 potions of invisibility
 Q - 5 potions of haste
 R - 4 potions of agility
Miscellaneous
 l - a phial of floods
 B - 2 boxes of beasts
 N - 3 sacks of spiders
 O - a phantom mirror
 S - a lamp of fire
 Y - a fan of gales
Comestibles
 f - 86 rations
 K - 4 chunks of flesh


   Skills:
 + Level 21.6 Fighting
 + Level 20.8 Long Blades
 - Level 1.7 Throwing
 * Level 20.5 Armour
 * Level 12.5 Dodging
 + Level 3.4 Stealth
 O Level 27 Shields
 * Level 7.9 Invocations
 * Level 9.6 Evocations


You had 26 spell levels left.
You didn't know any spells.

Dungeon Overview and Level Annotations

Branches:
Dungeon (15/15)            Temple (1/1) D:5            Lair (6/6) D:9
  Swamp (4/4) Lair:3        Snake (4/4) Lair:2        Slime (1/5) Lair:6
    Orc (2/2) D:12            Elf (3/3) Orc:2        Vaults (5/5) D:14
  Crypt (0/3) Vaults:2     Depths (5/5) D:15            Zot (0/5) Depths:5

Altars:
Ashenzari
Cheibriados
Dithmenos
Elyvilon
Fedhas
Gozag
Hepliaklqana
Kikubaaqudgha
Makhleb
Nemelex Xobeh
Okawaru
Qazlal
Ru
Sif Muna
Trog
Uskayaw
Vehumet
Wu Jian
Xom
Yredelemnul
Zin
The Shining One
Beogh
Jiyva
Lugonu

Shops:
D:10 *   D:11 (   Orc:2 *!=!   Snake:4 *   Vaults:1 [   Vaults:2 }   Vaults:4 (
Vaults:5 [   Depths:4 *!

Portals:
Hell: Depths:1 Depths:2 Depths:3 Depths:4 Depths:5
Abyss: Depths:1 Depths:2 Depths:3 Depths:4 Depths:5
Pandemonium: Depths:1 Depths:3 Depths:5
Ziggurat: Depths:2


Innate Abilities, Weirdness & Mutations

You are resistant to torment.
Your stone body is resilient. (AC +20)
You are immune to poison.
Your large and strong wings let you fly indefinitely.
You resist negative energy. (rN+)
You are resistant to electric shocks. (rElec)
You can survive without breathing.
You are immune to petrification.
You are immune to rotting.
You have large cloven feet.
You have a pair of small horns on your head.
You are partially covered in icy blue scales. (AC +2)
You are frail. (-10% HP)
Your magical capacity is low. (-10% MP)
You occasionally shout uncontrollably at your foes.


Message History

A deafening chorus of shrieks assaults your mind!
* * * LOW HITPOINT WARNING * * *
Something blocks the starcursed mass's attack.
A cacophony of accursed wailing tears at your sanity!
* * * LOW HITPOINT WARNING * * *
Your daeva blocks something's attack.
Your daeva calls down the wrath of the Shining One upon the starcursed mass.
The starcursed mass is smitten.
The starcursed mass is destroyed!
Tentacles burst from the starspawn's body! 2 starspawn tentacles come into view.
You slice the rakshasa!!
The rakshasa convulses!
You headbutt the rakshasa!
The rakshasa is severely wounded.
The injured rakshasa weaves a defensive illusion!
The rakshasa gestures at you.
The orb of energy hits the rakshasa.
The rakshasa dies!
The rakshasa shimmers and vanishes!
The orb of energy explodes!
The mystic blast hits you!
You die...

... .w w.X..#.X
#.≈..Xp.XX. X
##..##Xw# . X ##
X.##. ## # ##.
...XA.X .# #
#.##.ZXXX...[##≈
###.#≈X≈≈..∩≈.≈≈.
##).# ≈≈≈X.Z##/≈≈
#@###..≈ ≈≈≈..≈#.≈
##.#.#.≈...≈≈≈§##≈
.#...≈#≈≈≈≈≈≈≈#.
..##.≈#≈≈ #.#. .##
.. ..... .# . ..
... .#


There were no monsters in sight!

Vanquished Creatures
  An ancient lich (Vaults:5)
  3 greater mummies (Depths:2)
  Boris (Depths:3)
  the Lernaean hydra (Swamp:3)
  Saint Roka (Depths:1)
  The ghost of newuser the Phalangite, a veteran DsMo of Yredelemnul (Vaults:5)
  Margery (Depths:5)
  2 caustic shrikes (Depths:4)
  Nikola (Swamp:2)
  4 golden dragons
  the Enchantress (Depths:2)
  3 bone dragons
  2 hellephants
  Rupert (Snake:1)
  2 quicksilver dragons (Vaults:5)
  Asterion (Snake:2)
  4 tentacled monstrosities
  3 deep elf blademasters
  A deep elf master archer (Abyss:3)
  7 titans
  3 liches
  2 acid blobs (Slime:1)
  3 sphinxes
  7 shadow dragons
  9 tentacled starspawn
  Frances (D:12)
  A thorn hunter (Swamp:4)
  4 storm dragons
  Agnes (Elf:1)
  9 tengu reavers
  A draconian monk (Abyss:5)
  6 deep elf sorcerers
  A draconian knight (Depths:4)
  2 cacodemons (Abyss:5)
  10 nagarajas
  17 vault wardens
  14 fire giants
  An iron dragon (Depths:4)
  3 balrugs
  12 frost giants
  Louise (Snake:1)
  Aizul (Snake:1)
  5 angels
  2 orc warlords
  4 deep elf elementalists (Elf:3)
  A ghoul (Swamp:2)
  An ophan (Abyss:2)
  20 ironheart preservers
  12 very ugly things
  5 spriggan defenders
  A draconian annihilator (Depths:5)
  The ghost of puimuR the Spry, an adept FeAK of Lugonu (Vaults:1)
  20 stone giants
  3 war gargoyles (Vaults:5)
  3 entropy weavers
  3 vampire knights
  2 black draconians (Depths:5)
  9 deep elf demonologists
  9 deep elf annihilators
  Azrael (D:13)
  2 purple draconians
  A green draconian (Abyss:2)
  4 white draconians
  13 spark wasps
  5 dire elephants
  12 fire dragons
  10 deep elf death magi
  21 ettins
  A merfolk impaler (Depths:2)
  2 blizzard demons
  Josephine (Lair:5)
  14 yaktaur captains
  2 mummy priests (Depths:2)
  A merfolk javelineer (Depths:4)
  A minotaur (Lab)
  3 deep elf high priests
  Erolcha (D:10)
  A great orb of eyes (shapeshifter) (Depths:3)
  A fire dragon (shapeshifter) (Vaults:5)
  Fannar (Orc:1)
  16 naga warriors
  8 rakshasas
  10 great orbs of eyes
  32 vault guards
  19 ice dragons
  4 spriggan air magi
  24 hydras
  2 ghost crabs
  A hell beast (Depths:1)
  5 catoblepae
  16 centaur warriors
  6 anacondas
  15 deep troll shamans
  38 two-headed ogres
  11 alligators
  An alligator (shapeshifter) (Depths:4)
  6 death knights
  A satyr (D:14)
  11 ogre magi
  11 tengu warriors
  32 dancing weapons
  11 death yaks
  13 deep troll earth magi
  9 spriggan berserkers
  16 thrashing horrors
  5 orc high priests
  8 shock serpents
  13 naga sharpshooters
  A hell hog (Abyss:4)
  36 deep elf knights
  Sonja (Lair:2)
  2 salamander mystics
  2 sun demons
  25 small abominations
  5 iron trolls
  2 shadow wraiths
  3 spatial maelstroms (Abyss:2)
  4 sixfirhies
  5 wretched stars
  5 unseen horrors
  A death drake (shapeshifter) (Depths:3)
  7 glowing orange brains
  2 spriggan druids
  8 swamp dragons
  48 deep trolls
  11 naga ritualists
  27 hell knights
  2 shadow demons
  A flayed ghost (D:15)
  A golden dragon skeleton (Depths:4)
  2 shambling mangroves
  2 phantasmal warriors
  13 ironbrand convokers
  2 shadow dragon zombies
  A tengu zombie (Depths:3)
  20 deep elf archers
  12 necromancers
  A mana viper (shapeshifter) (Depths:5)
  18 orc knights
  An oklob plant (Lair:2)
  A wolf spider (shapeshifter) (Vaults:5)
  A sphinx zombie (Depths:3)
  92 deep elf magi
  40 ugly things
  8 orc sorcerers
  8 wizards
  A faun (shapeshifter) (Depths:4)
  4 manticores
  10 mana vipers
  2 wolf spiders (Vaults:4)
  5 cyclopes
  3 orb spiders (shapeshifter)
  A sphinx skeleton (Depths:3)
  3 worldbinders (Abyss:3)
  18 elephants
  A frost giant skeleton (Depths:1)
  9 salamanders
  11 vault sentinels
  2 black mambas (shapeshifter)
  A salamander (shapeshifter) (D:15)
  A guardian serpent (shapeshifter) (Vaults:2)
  2 ice statues (IceCv)
  16 naga magi
  2 apocalypse crabs
  8 orange demons
  2 rust devils
  28 black mambas
  2 molten gargoyles (Lair:3)
  A torpor snail (Lair:3)
  A guardian serpent (Snake:4)
  9 smoke demons
  A gargoyle (D:15)
  An elf zombie (Depths:4)
  14 spiny frogs
  5 centaur skeletons
  An efreet (Abyss:5)
  A water nymph (shapeshifter) (Vaults:5)
  2 kobold demonologists
  A rime drake (Lair:4)
  A hellion (Abyss:2)
  2 demonic crawlers
  9 komodo dragons
  2 tormentors (Abyss:2)
  60 yaktaurs
  A yaktaur (shapeshifter) (Vaults:2)
  3 tengu conjurers
  9 freezing wraiths
  15 ice devils
  6 red devils
  6 ancient zymes
  2 hellwings
  A jumping spider (shapeshifter) (Vaults:4)
  A meliai (shapeshifter) (Vaults:5)
  15 tyrant leeches
  A sphinx simulacrum (Depths:4)
  A hornet (shapeshifter) (Vaults:2)
  2 wind drakes (shapeshifter)
  3 polar bears
  19 hornets
  3 polar bears (shapeshifter)
  33 raiju
  11 trolls
  14 bog bodies
  30 blink frogs
  10 hippogriffs
  42 slime creatures
  A fire giant simulacrum (Depths:4)
  4 flying skulls
  A snapping turtle (Abyss:2)
  Sigmund (D:3)
  6 redbacks
  A redback (shapeshifter) (Vaults:1)
  3 spriggan skeletons (Depths:1)
  9 spriggans
  10 shadows
  8 water elementals
  2 air elementals
  2 tarantellas (shapeshifter) (Depths:3)
  6 wyverns
  4 ynoxinuls
  9 wraiths
  A golden eye (shapeshifter) (Depths:3)
  28 large abominations
  2 basilisks
  3 hungry ghosts
  97 yaks
  4 fire bats
  A basilisk (shapeshifter) (Vaults:4)
  8 fire elementals
  A hog (shapeshifter) (Depths:5)
  3 chaos spawn
  8 neqoxecs
  17 vampire mosquitoes
  Menkaure (D:7)
  A naga (shapeshifter) (Vaults:2)
  12 wargs
  8 insubstantial wisps
  42 nagas
  4 spatial vortices
  25 swamp worms
  2 acid dragons
  16 water moccasins
  A soldier ant (D:13)
  17 hell hounds
  12 porcupines
  15 swamp drakes
  A black bear (shapeshifter) (Elf:1)
  2 phantoms
  64 orc warriors
  6 ice beasts
  A sky beast (D:12)
  A black bear (D:12)
  52 starcursed masses
  5 boggarts (Depths:2)
  5 necrophages
  An eye of draining (shapeshifter) (Vaults:3)
  18 wolves
  5 eyes of draining
  11 centaurs
  34 ogres
  10 crocodiles
  7 big kobolds
  An earth elemental (Elf:1)
  A tengu simulacrum (Depths:1)
  22 bullfrogs
  A gnoll sergeant (D:9)
  2 wyvern skeletons
  4 scorpions
  9 killer bees
  3 electric eels
  4 wights (D:12)
  6 howler monkeys
  15 crimson imps
  A bullfrog skeleton (D:6)
  4 centaur zombies
  5 lava snakes (Lair:3)
  4 quasits
  A bullfrog zombie (D:8)
  An elf simulacrum (Abyss:5)
  6 hounds
  7 jellies
  34 orc wizards
  48 orc priests
  2 iron imps
  Jessica (D:2)
  Ijyb (D:3)
  Natasha (thrice) (D:2)
  2 iguanas
  9 worker ants
  Terence (D:3)
  2 killer bee zombies (D:9)
  A hound skeleton (D:9)
  A worker ant zombie (D:8)
  11 gnolls
  2 howler monkey skeletons
  20 adders
  6 shadow imps
  10 white imps
  7 ufetubi
  4 oozes
  6 adder skeletons
  4 worms
  A dart slug (D:4)
  A leopard gecko (D:5)
  171 orcs
  7 giant cockroaches
  6 hobgoblins
  12 jackals
  29 kobolds
  5 quokkas
  A ball python (D:2)
  6 bats
  4 frilled lizards
  8 goblins
  A jackal skeleton (D:8)
  A quokka skeleton (D:4)
  A quokka zombie (D:8)
  5 rats
  2 bushes (Lair:1)
  6 crawling corpses
  A demonic plant (Temple)
  A fungus (Depths:4)
  A macabre mass (Abyss:5)
  A plant (Lair:2)
  4 starspawn tentacles
2751 creatures vanquished.

Vanquished Creatures (collateral kills)
  A deep elf elementalist (Abyss:5)
  5 thrashing horrors (Abyss:5)
  A sun demon (Abyss:5)
  3 large abominations (Abyss:5)
  A worldbinder (Abyss:5)
  An apocalypse crab (Abyss:5)
  A smoke demon (Abyss:5)
  A raiju (Abyss:5)
  A neqoxec (Abyss:5)
  5 starcursed masses (Abyss:5)
20 creatures vanquished.

Vanquished Creatures (others)
  3 deep elf master archers
  4 stone giants
  Nessos (D:12)
  6 yaktaur captains
  A rakshasa (Abyss:5)
  3 centaur warriors (Vaults:1)
  A dancing weapon (Elf:3)
  2 naga sharpshooters
  2 deep elf knights (Elf:1)
  A lindwurm (Volcano)
  2 deep elf archers (Vaults:4)
  A deep elf mage (Abyss:2)
  2 cyclopes
  3 yaktaurs
  An ice devil (Depths:3)
  A hornet (Swamp:4)
  A bog body (Swamp:2)
  2 yaks (D:13)
  A naga (Snake:4)
  A swamp drake (Swamp:2)
  5 centaurs
  A jelly (D:5)
  An orc priest (Vaults:4)
  5 ufetubi (IceCv)
  A kobold (D:9)
  2 briar patches (Swamp:4)
  9 bushes
  A crawling corpse (Elf:3)
  6 fungi
  A lurking horror (Abyss:5)
  24 plants
  26 starspawn tentacles
  6 withered plants (Swamp:2)
127 creatures vanquished.

Grand Total: 2898 creatures vanquished

Notes
Turn   | Place    | Note
-------+----------+-------------------------------------------
     0 | D:1      | Tordini the Gargoyle Gladiator began the quest for the Orb.
     0 | D:1      | Reached XP level 1. HP: 12/12 MP: 1/1
   104 | D:1      | Reached XP level 2. HP: 11/18 MP: 2/2
   174 | D:1      | Reached XP level 3. HP: 18/22 MP: 3/3
   414 | D:2      | Noticed Natasha
   420 | D:2      | Killed Natasha
   420 | D:2      | Reached XP level 4. HP: 27/27 MP: 4/4
   433 | D:2      | Noticed Natasha
   442 | D:2      | Killed Natasha
   578 | D:2      | Noticed Natasha
   584 | D:2      | Killed Natasha
   584 | D:2      | Reached XP level 5. HP: 24/32 MP: 5/5
   982 | D:2      | Reached skill level 5 in Long Blades
  1066 | D:2      | Noticed Jessica
  1071 | D:2      | Killed Jessica
  1489 | D:3      | Reached XP level 6. HP: 28/38 MP: 6/6
  1794 | D:3      | Noticed Terence
  1813 | D:3      | Killed Terence
  1916 | D:3      | Noticed Sigmund
  1946 | D:3      | Killed Sigmund
  1946 | D:3      | Reached skill level 1 in Armour
  1946 | D:3      | Reached XP level 7. HP: 32/44 MP: 7/7
  2097 | D:3      | Noticed Ijyb
  2116 | D:3      | Killed Ijyb
  2116 | D:3      | Reached skill level 1 in Evocations
  3157 | D:5      | Entered Level 5 of the Dungeon
  3271 | D:5      | Found a staircase to the Ecumenical Temple.
  3436 | Temple   | Entered the Ecumenical Temple
  3625 | D:5      | Reached skill level 5 in Fighting
  3625 | D:5      | Reached XP level 8. HP: 48/49 MP: 8/8
  4236 | D:5      | Gained mutation: You have an increased reservoir of magic. (+10% MP) [potion of mutation]
  4236 | D:5      | Gained mutation: You have a pair of small horns on your head. [potion of mutation]
  4236 | D:5      | Gained mutation: You have sharp toenails. [potion of mutation]
  4237 | D:5      | Lost mutation: You have a pair of small horns on your head. [potion of mutation]
  4237 | D:5      | Lost mutation: You have sharp toenails. [potion of mutation]
  4237 | D:5      | Lost mutation: You have an increased reservoir of magic. (+10% MP) [potion of mutation]
  4237 | D:5      | Gained mutation: Your large and strong wings let you fly indefinitely. [potion of mutation]
  4237 | D:5      | Gained mutation: You have a pair of small horns on your head. [potion of mutation]
  4618 | D:6      | Found a burning altar of Makhleb.
  4618 | D:6      | Found a snail-covered altar of Cheibriados.
  4618 | D:6      | Found an ornate altar of the Wu Jian Council.
  5005 | D:7      | Reached XP level 9. HP: 47/55 MP: 9/9
  5135 | D:7      | Noticed Menkaure
  5143 | D:7      | Killed Menkaure
  5314 | D:7      | Got a glittering jade amulet
  5316 | D:7      | Identified the amulet of the Lonely Gods {Reflect rPois rC- rN++ Str+4 SH+3} (You found it on level 7 of the Dungeon)
  5715 | D:7      | Reached skill level 10 in Long Blades
  6086 | D:7      | Reached XP level 10. HP: 63/63 MP: 10/10
  6351 | D:7      | Reached skill level 5 in Armour
  6450 | D:8      | Found a deep blue altar of Sif Muna.
  6450 | D:8      | Found an iron altar of Okawaru.
  6458 | D:8      | Found a glowing golden altar of the Shining One.
  6459 | D:8      | Found a basalt altar of Yredelemnul.
  6459 | D:8      | Found a shadowy altar of Dithmenos.
  6469 | D:8      | Found a glowing silver altar of Zin.
  6473 | D:8      | Became a worshipper of Warmaster Okawaru
  6573 | D:8      | Reached * piety under Okawaru
  6673 | D:8      | Got a crystal scimitar
  6674 | D:8      | Identified the +4 scimitar "Kecasus" {antimagic, rElec rN+} (You found it on level 8 of the Dungeon)
  6926 | D:8      | Noticed a two-headed ogre
  6933 | D:8      | Killed a two-headed ogre
  6933 | D:8      | Reached ** piety under Okawaru
  7243 | D:9      | Found a staircase to the Lair.
  7467 | D:9      | Found a stormy altar of Qazlal.
  7580 | D:9      | Found a sacrificial altar of Ru.
  7611 | D:9      | Reached *** piety under Okawaru
  7618 | D:9      | Reached XP level 11. HP: 48/69 MP: 1/11
  7945 | D:9      | Reached skill level 1 in Shields
  7999 | D:9      | Found a shattered altar of Ashenzari.
  8001 | D:9      | Found a hazy altar of Hepliaklqana.
  8341 | D:10     | Entered Level 10 of the Dungeon
  8394 | D:10     | Reached skill level 2 in Shields
  8398 | D:10     | Reached **** piety under Okawaru
  8408 | D:10     | Found a basalt altar of Yredelemnul.
  8556 | D:10     | Found Efiddao's General Store.
  8582 | D:10     | Bought a +2 pair of gloves for 231 gold pieces
  8884 | D:10     | Noticed Erolcha
  8894 | D:10     | Killed Erolcha
  8894 | D:10     | Reached skill level 3 in Shields
  9065 | D:11     | Noticed a purple ugly thing
  9075 | D:11     | Killed a purple ugly thing
  9109 | D:11     | Found Funapopi's Antique Weapon Shop.
  9162 | D:11     | Reached ***** piety under Okawaru
  9272 | D:11     | Received a gift from Okawaru
  9278 | D:11     | Reached skill level 10 in Fighting
  9424 | D:11     | You are sucked into a shaft for 3 floors!
  9475 | D:14     | Killed an unseen horror
  9475 | D:14     | Reached XP level 12. HP: 45/77 MP: 4/12
  9493 | D:14     | Noticed a centaur warrior
  9505 | D:14     | Killed a centaur warrior
  9505 | D:14     | Reached skill level 4 in Shields
  9560 | D:14     | Noticed a two-headed ogre
  9573 | D:14     | Killed a two-headed ogre
 10233 | D:14     | Noticed a two-headed ogre
 10233 | D:14     | Noticed an ogre mage
 10284 | D:14     | Noticed a centaur warrior
 10301 | D:14     | Killed a centaur warrior
 10416 | D:14     | Killed a two-headed ogre
 10416 | D:14     | Reached skill level 5 in Shields
 10421 | D:14     | Killed an ogre mage
 10740 | D:14     | Found a hazy altar of Hepliaklqana.
 10919 | D:14     | Received a gift from Okawaru
 10959 | D:14     | Noticed a seven-headed hydra
 10964 | D:14     | Noticed a satyr
 10964 | D:14     | a seven-headed hydra changed into a satyr
 10972 | D:14     | Killed a satyr
 11075 | D:14     | Found a gate to the Vaults.
 11127 | D:14     | Got an ichor-stained plate armour
 11154 | D:14     | Identified the +9 plate armour of Dishonour {Str+5 Int+4} (You found it on level 14 of the Dungeon)
 11466 | D:13     | Noticed a catoblepas
 11472 | D:13     | Killed a catoblepas
 11475 | D:13     | Noticed a tengu warrior
 11484 | D:13     | Killed a tengu warrior
 11484 | D:13     | Received a gift from Okawaru
 11484 | D:13     | Reached XP level 13. HP: 84/84 MP: 4/13
 11608 | D:13     | Reached skill level 6 in Shields
 11925 | D:13     | Noticed Azrael
 11932 | D:13     | Killed Azrael
 12431 | D:13     | Reached skill level 7 in Shields
 12941 | D:13     | Received a gift from Okawaru
 13317 | D:12     | Noticed Frances
 13421 | D:12     | Reached skill level 1 in Stealth
 13439 | D:12     | Killed Frances
 13614 | D:12     | Reached skill level 8 in Shields
 13837 | D:12     | Found a staircase to the Orcish Mines.
 14179 | D:12     | Noticed Nessos
 14183 | D:12     | Killed Nessos
 14183 | D:12     | Reached skill level 10 in Armour
 14739 | D:15     | Entered Level 15 of the Dungeon
 14807 | D:15     | Reached skill level 9 in Shields
 14813 | D:15     | Noticed an ettin
 14816 | D:15     | Reached skill level 15 in Long Blades
 14816 | D:15     | Mutation became permanent: Your large and strong wings let you fly indefinitely. [Gargoyle growth]
 14816 | D:15     | Gained mutation: Your large and strong wings let you fly indefinitely. [Gargoyle growth]
 14816 | D:15     | Reached XP level 14. HP: 88/92 MP: 5/15
 14837 | D:15     | Reached ****** piety under Okawaru
 14865 | D:15     | Received a gift from Okawaru
 15157 | D:15     | Reached skill level 10 in Shields
 15273 | D:15     | Received a gift from Okawaru
 15736 | D:15     | Found a staircase to the Depths.
 16095 | Lair:1   | Entered Level 1 of the Lair of Beasts
 16107 | Lair:1   | Identified a scroll of acquirement
 16108 | Lair:1   | Got a steaming lead ring
 16638 | Lair:1   | Found a labyrinth entrance.
 16645 | Lab      | Entered a labyrinth
 17180 | Lab      | Identified the ring "Tushicenad" {MR+ Dex+3} (You acquired it on level 1 of the Lair of Beasts)
 17184 | Lab      | Got a sparkling jade amulet
 17195 | Lair:1   | Received a gift from Okawaru
 17406 | Lair:1   | Got a crystal demon trident {god gift}
 17407 | Lair:1   | Identified the +1 demon trident of Impatience {venom, rF++ MR-} (Okawaru gifted it to you on level 1 of the Lair of Beasts)
 17539 | Lair:1   | Reached skill level 11 in Shields
 17578 | Lair:1   | Found the +8 whip "Snakebite" {curare, rPois}
 18556 | Lair:2   | Noticed Sonja
 18578 | Lair:2   | Killed Sonja
 18769 | Lair:2   | Reached XP level 15. HP: 78/99 MP: 5/16
 18961 | Lair:2   | Found a staircase to the Snake Pit.
 20001 | Lair:3   | Found a staircase to the Swamp.
 20009 | Lair:3   | Reached skill level 12 in Shields
 20264 | Lair:3   | Identified the amulet of Feluismi {RegenMP *Contam MP+9 Int+6 Dex+2} (You found it in a labyrinth)
 20347 | Lair:4   | Gained mutation: You occasionally shout uncontrollably at your foes. [mutagenic glow]
 20399 | Lair:4   | Received a gift from Okawaru
 20478 | Lair:4   | Found a dark tunnel.
 20490 | Volcano  | Entered a volcano
 21383 | Lair:5   | Noticed Josephine
 21391 | Lair:5   | Killed Josephine
 21650 | Lair:5   | Received a gift from Okawaru
 21695 | Lair:5   | Reached skill level 13 in Shields
 22438 | Lair:6   | Entered Level 6 of the Lair of Beasts
 22438 | Lair:6   | Found a staircase to the Slime Pits.
 22438 | Lair:6   | Found a viscous altar of Jiyva.
 22623 | Lair:6   | Received a gift from Okawaru
 22623 | Lair:6   | Reached XP level 16. HP: 66/106 MP: 7/17
 23076 | Lair:6   | Reached skill level 14 in Shields
 23630 | Lair:6   | Received a gift from Okawaru
 23764 | Lair:6   | Identified the Incunabulum of Unstable Orientation
 23789 | Lair:6   | Got a warped shield
 23795 | Lair:6   | Identified the +0 shield "Rideschun" {rC+ MR+ Dex+2} (You found it on level 6 of the Lair of Beasts)
 24306 | Snake:1  | Entered Level 1 of the Snake Pit
 24425 | Snake:1  | Noticed Louise
 24483 | Snake:1  | Killed Louise
 24851 | Snake:1  | Reached skill level 15 in Shields
 25040 | Snake:1  | Noticed Rupert
 25042 | Snake:1  | Noticed Aizul
 25063 | Snake:1  | Killed Rupert
 25092 | Snake:1  | Killed Aizul
 25394 | Snake:2  | Received a gift from Okawaru
 25742 | Snake:2  | Noticed Asterion
 25751 | Snake:2  | Killed Asterion
 25751 | Snake:2  | Reached skill level 15 in Fighting
 26028 | Snake:2  | Reached XP level 17. HP: 113/113 MP: 6/18
 26533 | Snake:3  | Received a gift from Okawaru
 26533 | Snake:3  | Reached skill level 1 in Invocations
 26605 | Snake:3  | Reached skill level 16 in Shields
 27303 | Snake:4  | Entered Level 4 of the Snake Pit
 27406 | Snake:4  | Found Qutuuna's Assorted Antiques.
 27716 | Snake:4  | Received a gift from Okawaru
 28115 | Snake:4  | Reached skill level 17 in Shields
 28282 | Snake:4  | Reached XP level 18. HP: 119/120 MP: 6/19
 28736 | Snake:4  | Got a serpentine rune of Zot
 29218 | Swamp:1  | Entered Level 1 of the Swamp
 29329 | Swamp:1  | Received a gift from Okawaru
 29332 | Swamp:1  | Got a heavily runed hat {god gift}
 29338 | Swamp:1  | Identified the +0 hat of the Saviour {rElec rC+} (Okawaru gifted it to you on level 1 of the Swamp)
 30434 | Swamp:2  | Found an ancient bone altar of Kikubaaqudgha.
 30500 | Swamp:2  | Noticed Nikola
 30519 | Swamp:2  | Reached skill level 5 in Dodging
 30560 | Swamp:2  | Killed Nikola
 30560 | Swamp:2  | Reached skill level 18 in Shields
 31696 | Swamp:4  | Entered Level 4 of the Swamp
 32113 | Swamp:4  | Received a gift from Okawaru
 32552 | Swamp:3  | Reached XP level 19. HP: 85/127 MP: 12/20
 32866 | Swamp:4  | Noticed the 27-headed Lernaean hydra
 33212 | Swamp:3  | Killed the 24-headed Lernaean hydra
 33244 | Swamp:4  | Received a gift from Okawaru
 33357 | Swamp:4  | Got a decaying rune of Zot
 33838 | Orc:1    | Entered Level 1 of the Orcish Mines
 34017 | Orc:1    | Found a runed door.
 34252 | Orc:1    | Found a roughly hewn altar of Beogh.
 34319 | Orc:2    | Entered Level 2 of the Orcish Mines
 34359 | Orc:2    | Reached skill level 19 in Shields
 34424 | Orc:1    | Noticed Fannar
 34468 | Orc:1    | Killed Fannar
 34798 | Orc:2    | Found a roughly hewn altar of Beogh.
 34827 | Orc:2    | Paralysed by an orc sorcerer for 6 turns
 34923 | Orc:2    | Found Wipto's Distillery.
 34927 | Orc:2    | Bought a potion of mutation for 112 gold pieces
 34927 | Orc:2    | Bought a potion of heal wounds for 70 gold pieces
 34927 | Orc:2    | Bought a potion of heal wounds for 70 gold pieces
 34927 | Orc:2    | Bought a potion of curing for 42 gold pieces
 34933 | Orc:2    | Found Pejap's Assorted Antiques.
 34947 | Orc:2    | Bought a scroll of enchant armour for 210 gold pieces
 35475 | Orc:2    | Received a gift from Okawaru
 35507 | Orc:2    | Found a roughly hewn altar of Beogh.
 35563 | Orc:2    | Found Ciuf's Jewellery Shoppe.
 35809 | Orc:2    | Found Leqec's Distillery.
 35842 | Orc:2    | Bought a potion of mutation for 104 gold pieces
 35842 | Orc:2    | Bought 2 potions of curing for 78 gold pieces
 35842 | Orc:2    | Bought a potion of heal wounds for 65 gold pieces
 35842 | Orc:2    | Bought a potion of heal wounds for 65 gold pieces
 36116 | Orc:2    | Found a staircase to the Elven Halls.
 36271 | Elf:1    | Entered Level 1 of the Elven Halls
 36985 | Elf:1    | Received a gift from Okawaru
 36988 | Elf:1    | Got a translucent long sword {god gift}
 36997 | Elf:1    | Identified the +7 long sword of Vicubeex {vamp, SInv} (Okawaru gifted it to you on level 1 of the Elven Halls)
 37285 | Elf:1    | Noticed Agnes
 37297 | Elf:1    | Killed Agnes
 37807 | Elf:2    | Reached XP level 20. HP: 134/134 MP: 21/21
 37852 | Elf:2    | Found a frozen archway.
 37888 | IceCv    | Entered an ice cave
 38030 | IceCv    | Got a pair of jewelled boots
 38042 | IceCv    | Identified the +0 pair of boots of Infinity {-Cast rC+ rN+ Slay+6} (You found it in an ice cave)
 38357 | Elf:2    | Found a runed gate.
 38357 | Elf:2    | Found a runed gate.
 38358 | Elf:2    | Found a runed gate.
 38396 | Elf:2    | Received a gift from Okawaru
 38761 | Elf:2    | Reached skill level 20 in Shields
 38905 | Elf:2    | Reached skill level 15 in Armour
 38972 | Elf:2    | Received a gift from Okawaru
 39137 | Elf:3    | Entered Level 3 of the Elven Halls
 39525 | Elf:3    | Noticed a Tzitzimitl
 39540 | Elf:3    | Noticed a Brimstone Fiend
 39541 | Elf:3    | Noticed a Brimstone Fiend
 39869 | Elf:3    | Received a gift from Okawaru
 40367 | Elf:3    | Got a transparent cloak
 40378 | Elf:3    | Identified the +1 cloak of the Merchant {+Fly Int+4 SInv} (You found it on level 3 of the Elven Halls)
 40418 | Elf:3    | Identified the Catalogue of Damaging Flight
 40665 | Elf:3    | Gained mutation: You have a pair of horns on your head. [a cacodemon]
 40764 | Elf:3    | Identified the Handbook of Beguiling and Transmutation
 40793 | Elf:3    | Identified Juplis's Volume of Dark Contamination
 40842 | Elf:3    | Got a scorched plate armour
 40864 | Elf:3    | Identified the +7 plate armour "Guudghuq" {rF+} (You took it off a deep elf high priest on level 3 of the Elven Halls)
 41238 | Elf:3    | Noticed a Tzitzimitl
 41273 | Elf:3    | Reached XP level 21. HP: 140/140 MP: 22/22
 42028 | Depths:1 | Entered Level 1 of the Depths
 42161 | D:15     | Reached skill level 21 in Shields
 42453 | Depths:1 | Received a gift from Okawaru
 42484 | Depths:1 | Found a gateway to Hell.
 42549 | Depths:1 | Found a one-way gate leading to the halls of Pandemonium.
 42622 | Depths:1 | Received a gift from Okawaru
 42670 | Depths:1 | Found a one-way gate to the infinite horrors of the Abyss.
 42731 | Depths:1 | Noticed Saint Roka
 42788 | Depths:1 | Killed Saint Roka
 44031 | Depths:2 | Received a gift from Okawaru
 44080 | Depths:2 | Reached skill level 22 in Shields
 44151 | Depths:2 | Got a bloodstained demon blade {god gift}
 44155 | Depths:2 | Identified the +9 demon blade "Biceal" {elec, Str+3 Dex+5} (Okawaru gifted it to you on level 2 of the Depths)
 44224 | Depths:2 | Found a gateway to a ziggurat.
 44286 | Depths:2 | Reached XP level 22. HP: 127/147 MP: 21/23
 44309 | Depths:2 | Received a gift from Okawaru
 44531 | Depths:2 | Received a gift from Okawaru
 44715 | Depths:2 | Received a gift from Okawaru
 44998 | Depths:2 | Noticed a greater mummy
 45003 | Depths:2 | Noticed the Enchantress
 45019 | Depths:2 | Killed the Enchantress
 45031 | Depths:2 | Noticed a greater mummy
 45384 | Depths:2 | Got faerie dragon scales
 45418 | Depths:2 | Killed a greater mummy
 45447 | Depths:2 | Killed a greater mummy
 45726 | Depths:2 | Noticed a greater mummy
 45727 | Depths:2 | Found the +7 sceptre of Torment
 45742 | Depths:2 | Killed a greater mummy
 45921 | Depths:3 | Noticed Boris
 45942 | Depths:3 | Killed Boris
 46031 | Depths:3 | Reached skill level 23 in Shields
 46176 | Depths:3 | Received a gift from Okawaru
 46533 | Depths:3 | Reached XP level 23. HP: 52/153 MP: 24/24
 46870 | Depths:3 | Received a gift from Okawaru
 46873 | Depths:3 | Got a jewelled crystal plate armour {god gift}
 46944 | Depths:2 | Identified the +5 crystal plate armour of Mental Paralysis {rN+} (Okawaru gifted it to you on level 3 of the Depths)
 48227 | Depths:4 | Noticed a golden dragon
 48236 | Depths:4 | Killed a golden dragon
 48433 | Depths:4 | Received a gift from Okawaru
 48688 | Depths:4 | Reached skill level 24 in Shields
 48734 | Depths:4 | Found Asocof's General Store.
 48750 | Depths:4 | Found Fuxkai's Distillery.
 48756 | Depths:4 | Bought a potion of heal wounds for 125 gold pieces
 48756 | Depths:4 | Bought a potion of curing for 75 gold pieces
 48756 | Depths:4 | Bought a potion of heal wounds for 125 gold pieces
 48756 | Depths:4 | Bought a potion of heal wounds for 125 gold pieces
 48819 | Depths:4 | Got a vibrating bronze ring
 48836 | Depths:4 | Identified the ring "Hoxeg" {Int+3 Dex+4} (You found it on level 4 of the Depths)
 48974 | Depths:5 | Entered Level 5 of the Depths
 49095 | Depths:5 | Noticed a caustic shrike
 49098 | Depths:5 | Noticed a caustic shrike
 49098 | Depths:5 | Noticed a caustic shrike
 49103 | Depths:4 | Received a gift from Okawaru
 49104 | Depths:4 | Found the +8 autumn katana {slice, Clar}
 49704 | Depths:4 | Killed a caustic shrike
 49708 | Depths:4 | Killed a caustic shrike
 49817 | Depths:5 | Noticed a golden dragon
 49840 | Depths:5 | Reached XP level 24. HP: 150/160 MP: 24/24
 50188 | Depths:5 | Found a gate to the Realm of Zot.
 50383 | Depths:5 | Received a gift from Okawaru
 50682 | Depths:5 | Noticed Margery
 50690 | Depths:5 | Killed Margery
 51360 | Vaults:1 | Entered Level 1 of the Vaults
 51459 | Vaults:1 | Found Qot Goqo's Armour Boutique.
 51570 | Vaults:1 | Got a polished helmet
 51572 | Vaults:1 | Identified the cursed +0 helmet "Zuhug" {Str+4} (You found it on level 1 of the Vaults)
 51774 | Vaults:1 | Noticed puimuR's ghost (adept FeAK)
 51803 | Vaults:1 | Killed puimuR's ghost
 52610 | Vaults:2 | Found Qaufot's Gadget Shoppe.
 52633 | Vaults:2 | Paralysed by a lich for 2 turns
 52782 | Vaults:2 | Reached skill level 25 in Shields
 52849 | Vaults:2 | Received a gift from Okawaru
 53007 | Vaults:2 | Reached XP level 25. HP: 164/168 MP: 25/25
 53331 | Vaults:2 | Found an opulent altar of Gozag.
 53406 | Vaults:2 | Reached skill level 10 in Dodging
 53515 | Vaults:2 | You are sucked into a shaft!
 53584 | Vaults:2 | Found a staircase to the Crypt.
 53584 | Vaults:2 | Found a basalt altar of Yredelemnul.
 53585 | Vaults:2 | Found an ancient bone altar of Kikubaaqudgha.
 54105 | Vaults:3 | Received a gift from Okawaru
 54611 | Vaults:3 | Reached skill level 5 in Evocations
 54751 | Vaults:3 | Received a gift from Okawaru
 55129 | Vaults:4 | Gained mutation: You are frail. (-10% HP) [a neqoxec]
 55499 | Vaults:4 | Reached XP level 26. HP: 130/157 MP: 27/27
 55977 | Vaults:4 | Found Ruixziru's Weapon Emporium.
 56230 | Vaults:4 | Received a gift from Okawaru
 56238 | Vaults:4 | Got a pair of brightly glowing boots {god gift}
 56252 | Vaults:4 | Identified the +0 pair of boots of Momus {rF+ Dex+7} (Okawaru gifted it to you on level 4 of the Vaults)
 56348 | Vaults:5 | Entered Level 5 of the Vaults
 56414 | Vaults:5 | Reached skill level 26 in Shields
 57067 | Vaults:5 | Received a gift from Okawaru
 57183 | Vaults:5 | Noticed an ancient lich
 57208 | Vaults:5 | Killed an ancient lich
 57208 | Vaults:5 | Received a gift from Okawaru
 57269 | Vaults:5 | Got a crystal scimitar {speed}
 57271 | Vaults:5 | Identified the +5 scimitar "Qidoput" {speed, +Rage MR+ Str+2 Int+3} (You took it off a yaktaur captain on level 5 of the Vaults)
 57291 | Vaults:5 | Noticed newuser's ghost (veteran DsMo)
 57332 | Vaults:5 | Killed newuser's ghost
 57423 | Vaults:5 | Got a fine ruby amulet
 57427 | Vaults:5 | Identified the amulet "Wagia" {Harm *Drain rElec MR+} (You found it on level 5 of the Vaults)
 57430 | Vaults:5 | Got a steaming scimitar
 57431 | Vaults:5 | Identified the +10 scimitar "Eminih" {slice, MR+ Int+4} (You found it on level 5 of the Vaults)
 57531 | Vaults:5 | Reached XP level 27. HP: 130/162 MP: 28/28
 57540 | Vaults:5 | Got an ancient brass ring
 57542 | Vaults:5 | Got a silver rune of Zot
 57556 | Vaults:5 | Identified Sif Muna's Volume of Bewitchment
 57922 | Vaults:5 | Found Mevvej's Antique Armour Shoppe.
 58004 | Vaults:5 | Identified the ring "Wuggul" {*Corrode rF+ Str+4 Int+6} (You found it on level 5 of the Vaults)
 58749 | Slime:1  | Entered Level 1 of the Pits of Slime
 58764 | Slime:1  | Received a gift from Okawaru
 59173 | D:8      | Fell from the grace of Okawaru
 59173 | D:8      | Became a worshipper of the Shining One
 59417 | Depths:1 | Voluntarily entered the Abyss.
 59563 | Abyss:2  | Reached skill level 5 in Invocations
 59652 | Abyss:2  | Reached * piety under the Shining One
 59778 | Abyss:2  | Reached ** piety under the Shining One
 60049 | Abyss:2  | Reached *** piety under the Shining One
 60181 | Abyss:2  | Paralysed by accursed screaming for 2 turns
 60182 | Abyss:2  | Gained mutation: You sometimes yell uncontrollably at your foes. [a neqoxec]
 60252 | Abyss:2  | Reached **** piety under the Shining One
 60542 | Abyss:3  | Reached ***** piety under the Shining One
 60614 | Abyss:3  | Reached skill level 27 in Shields
 60871 | Abyss:4  | Reached ****** piety under the Shining One
 60884 | Abyss:4  | Paralysed by accursed screaming for 1 turns
 60965 | Abyss:5  | Entered Level 5 of the Abyss
 61030 | Abyss:5  | Gained mutation: Armour fits poorly on your strangely shaped body. [a neqoxec]
 61112 | Abyss:5  | Lost mutation: You are frail. (-10% HP) [potion of mutation]
 61112 | Abyss:5  | Lost mutation: You sometimes yell uncontrollably at your foes. [potion of mutation]
 61112 | Abyss:5  | Lost mutation: Armour fits poorly on your strangely shaped body. [potion of mutation]
 61112 | Abyss:5  | Lost mutation: You have a pair of horns on your head. [potion of mutation]
 61112 | Abyss:5  | Gained mutation: You are partially covered in icy blue scales. (AC +2) [potion of mutation]
 61611 | Abyss:5  | Paralysed by accursed screaming for 1 turns
 61614 | Abyss:5  | Gained mutation: Your magical capacity is low. (-10% MP) [a cacodemon]
 61616 | Abyss:5  | Gained mutation: You are frail. (-10% HP) [a cacodemon]
 61619 | Abyss:5  | Gained mutation: You have large cloven feet. [a cacodemon]
 61656 | Abyss:5  | Paralysed by accursed screaming for 1 turns
 61745 | Abyss:5  | Paralysed by you for 3 turns
 61793 | Abyss:5  | Paralysed by accursed screaming for 1 turns
 61807 | Abyss:5  | Killed from afar by a rakshasa

Skill      XL: |  1  2  3  4  5  6  7  8  9 10 11 12 13 14 15 16 17 18 19 20 21 22 23 24 25 26 27 |
---------------+----------------------------------------------------------------------------------+-----
Long Blades    | 3 4 5 6 7 8 10 12 13 14 15 16 17 18 19 20 | 20.8
Fighting       | 3 4 5 6 7 8 10 11 12 13 14 15 16 17 18 19 20 21 | 21.6
Armour         | 1 2 3 4 6 8 10 11 12 13 14 15 16 17 18 19 20 | 20.5
Evocations     | 1 2 3 5 7 9 |  9.6
Shields        | 3 5 9 11 13 15 17 18 19 20 22 23 24 25 26 27 | 27.0
Stealth        | 1 2 3 |  3.4
Dodging        | 3 5 7 8 9 10 11 12 | 12.5
Invocations    | 1 3 7 |  7.9
Throwing       | |  1.7

Action                   |  1- 3 |  4- 6 |  7- 9 | 10-12 | 13-15 | 16-18 | 19-21 | 22-24 | 25-27 || total
-------------------------+-------+-------+-------+-------+-------+-------+-------+-------+-------++-------
Melee: Long sword        |    53 |   185 |   410 |    79 |       |       |  1344 |       |       ||  2071
       Headbutt          |       |       |    73 |   185 |   480 |   705 |   779 |   565 |   854 ||  3641
       Scimitar          |       |       |       |   564 |  1373 |  1841 |   689 |       |       ||  4467
       Demon blade       |       |       |       |       |       |       |    45 |  1406 |  1189 ||  2640
       Double sword      |       |       |       |       |       |       |       |       |   884 ||   884
Throw: Javelin           |       |       |     4 |       |     3 |       |       |     2 |       ||     9
       Tomahawk          |       |       |       |     3 |       |     8 |       |       |       ||    11
Invok: Heroism           |       |       |       |     1 |     4 |     4 |     7 |     4 |     2 ||    22
       Finesse           |       |       |       |       |       |       |       |       |     1 ||     1
       Cleansing Flame   |       |       |       |       |       |       |       |       |     4 ||     4
       Summon Divine War |       |       |       |       |       |       |       |       |     3 ||     3
 Abil: Evoke Berserk Rag |       |     4 |       |       |       |       |       |       |       ||     4
       Fly               |       |       |     1 |       |       |       |       |       |       ||     1
Evoke: Wand              |       |       |       |     5 |     1 |       |     2 |       |     1 ||     9
       Lamp of fire      |       |       |       |       |       |     1 |     4 |     1 |     2 ||     8
       Fan of gales      |       |       |       |       |       |       |     1 |       |       ||     1
  Use: Scroll            |       |       |     4 |     1 |    13 |     4 |    11 |     7 |    10 ||    50
       Potion            |       |       |     3 |       |    11 |     2 |       |     1 |     7 ||    24
 Stab: Confused          |       |       |       |       |       |     7 |       |       |       ||     7
       Distracted        |       |       |       |       |       |       |       |     1 |       ||     1
  Eat: Chunk             |       |     6 |    14 |    17 |    20 |    20 |    32 |    25 |    28 ||   162
       Ration            |       |       |     2 |       |     5 |     4 |     4 |     1 |     1 ||    17
Armor: Leather armour    |    33 |    63 |       |       |       |       |       |       |       ||    96
       Chain mail        |       |    31 |   130 |       |       |       |       |       |       ||   161
       Plate armour      |       |       |    49 |   359 |   569 |   752 |   883 |   327 |   532 ||  3471
Dodge: Dodged            |    50 |   109 |   149 |   157 |   275 |   478 |   566 |   283 |   565 ||  2632
       Deflected         |       |       |       |       |       |       |    18 |    16 |    41 ||    75
Block: Other             |       |     1 |    34 |    10 |       |     1 |       |       |       ||    46
       Reflection        |       |       |     2 |    25 |    26 |   107 |   118 |   119 |   112 ||   509
       Shield            |       |       |       |   285 |  1020 |  1029 |   106 |       |       ||  2440
       Large shield      |       |       |       |       |       |   847 |  2424 |  1495 |  2462 ||  7228
       Rpst.: Long sword |    11 |    31 |    43 |     7 |       |       |    52 |       |       ||   144
       Scimitar          |       |       |       |    41 |    77 |    88 |    25 |       |       ||   231
       Demon blade       |       |       |       |       |       |       |     3 |    33 |    52 ||    88
       Double sword      |       |       |       |       |       |       |       |       |    41 ||    41
